Map: Dusty Gorge

Players

Nahkis

  • Race: Terran Terran
  • Spawn Location: 9:00

PureLegacy

  • Race: Terran Terran
  • Spawn Location: 11:00

Brainiac - Winner!

  • Race: Zerg Zerg
  • Spawn Location: 5:00

Amis - Winner!

  • Race: Terran Terran
  • League: Master
  • Spawn Location: 3:00

VOD

Have the link to the VOD?

Description

Time

  • Played on: Dec. 3, 2018, 10:48 a.m.
  • Length: 4:59
Show
View Real Time Build Order
Export as new Build Order

Nahkis Terran 

Build Orders:  

Get SALT Encoding   

  12  0:00  SCV  
  13  0:13  SCV  
  14  0:18  Supply Depot  
  14  0:25  SCV  
  15  0:30  Refinery  
  15  0:40  SCV  
  16  0:46  Barracks  
  16  0:52  SCV  
  17  1:04  SCV  
  17  1:10  Barracks  
  18  1:16  SCV  
  19  1:30  Barracks  
  19  1:36  Reaper  
  20  1:40  Refinery  
  20  1:51  Supply Depot  
  20  1:58  Reaper  
  21  2:10  Reaper  
  21  2:15  Orbital Command  
  22  2:20  Reaper  
  22  2:32  Reaper  
  23  2:46  Factory  
  22  2:52  Reaper  
  22  2:55  SCV  
  24  2:58  Reaper  
  25  3:07  Reaper  
  24  3:20  Supply Depot  
  24  3:24  Reaper  
  25  3:32  Hellion  
Show
View Real Time Build Order
Export as new Build Order

PureLegacy Terran 

Build Orders: Gas First Reaper Expand, Hellion Banshee 

Get SALT Encoding   

  12  0:01  SCV  
  13  0:13  SCV  
  14  0:19  Supply Depot  
  14  0:25  SCV  
  15  0:31  Refinery  
  15  0:40  SCV  
  16  0:46  Barracks  
  16  0:53  SCV  
  17  1:05  SCV  
  18  1:17  SCV  
  19  1:33  Reaper  
  19  1:34  Orbital Command  
  20  1:48  Command Center  
  20  1:56  Factory  
  20  2:03  SCV  
  21  2:15  Supply Depot, SCV, Barracks Reactor  
  22  2:22  Refinery  
  22  2:27  SCV  
  23  2:39  SCV  
  24  2:46  Starport  
  24  2:58  Hellion x2  
  28  2:59  SCV  
  29  3:09  Barracks Tech Lab  
  30  3:15  Orbital Command  
  30  3:18  SCV  
  30  3:19  Hellion x2  
  34  3:30  SCV  
  35  3:43  Banshee  
  37  3:49  Hellion x2  
  41  4:01  SCV  
  40  4:05  SCV  
  40  4:08  Supply Depot  
  41  4:10  Hellion  
  41  4:11  Hellion  
  41  4:14  SCV  
  46  4:22  Factory  
  46  4:23  Factory  
  46  4:29  SCV  
Show
View Real Time Build Order
Export as new Build Order

Brainiac Zerg - Winner!

Build Orders: Hatch First 

Get SALT Encoding   

  12  0:01  Drone  
  13  0:12  Overlord  
  13  0:18  Drone  
  14  0:32  Drone  
  14  0:33  Drone  
  16  0:36  Drone  
  17  0:55  Hatchery  
  17  0:57  Drone  
  17  1:01  Drone  
  17  1:03  Extractor  
  17  1:07  Drone  
  18  1:20  Spawning Pool  
  18  1:23  Drone  
  18  1:29  Drone  
  19  1:39  Overlord  
  19  1:50  Drone  
  20  2:07  Queen  
  22  2:09  Metabolic Boost  
  22  2:11  Zergling x4  
  22  2:13  Queen  
  26  2:18  Zergling x4  
  28  2:31  Zergling x2  
  28  2:52  Queen  
  30  3:02  Zergling x10  
  30  3:05  Overlord  
  35  3:17  Overlord  
  35  3:22  Baneling Nest  
  34  3:29  Zergling x12  
  34  3:33  Extractor  
  37  3:54  Zergling x2  
  37  3:55  Zergling x6  
  37  4:00  Zergling x12  
  40  4:19  Zergling x8  
Show
View Real Time Build Order
Export as new Build Order

Amis Terran - Winner!

Build Orders:  

Get SALT Encoding   

  12  0:00  SCV  
  13  0:13  SCV  
  14  0:18  Supply Depot  
  14  0:25  SCV  
  15  0:29  Refinery  
  15  0:40  SCV  
  16  0:45  Barracks  
  16  0:52  SCV  
  17  1:04  SCV  
  18  1:10  Barracks  
  18  1:16  SCV  
  19  1:32  Barracks Tech Lab  
  19  1:34  Orbital Command  
  19  1:37  Supply Depot  
  19  1:50  Concussive Shells  
  19  1:51  Marauder  
  21  1:57  Barracks Tech Lab  
  21  2:01  SCV  
  22  2:12  Marauder  
  24  2:17  Marauder  
  26  2:26  Supply Depot  
  26  2:28  SCV  
  27  2:34  Marauder  
  29  2:43  Marauder  
  31  2:48  SCV  
  32  2:55  Marauder  
  34  2:58  Command Center  
  33  3:10  SCV  
  33  3:17  Marauder x2  
  37  3:22  SCV  
  34  3:49  Marauder  
  34  3:50  Marauder  
  34  3:51  SCV  
  34  3:54  Refinery  
  39  3:56  Engineering Bay  
  39  4:10  SCV, Marauder  
  39  4:11  Marauder  
  39  4:13  Orbital Command  
  44  4:23  Missile Turret  
  44  4:24  Missile Turret  
  44  4:33  Marine x2  
  36  4:56  Factory  
Tags
 
Add a new tag
Caveats
  • Supply blocks, unpowered buildings, or Contaminate may cause inaccurate times.
  • Supply counts are checked every 10 seconds.